 Dungeon Crawl Stone Soup version 0.20.2-3-g29329e0561 (webtiles) character file.

9972 Alfie the Carver (level 11, -4/99 HPs)
             Began as a Minotaur Fighter on Nov 13, 2020.
             Killed from afar by an electric eel (10 damage)
             ... with a bolt of electricity
             ... on level 1 of the Lair of Beasts.
             The game lasted 00:28:46 (7807 turns).

Alfie the Carver (Minotaur Fighter)                 Turns: 7807, Time: 00:28:47

Health: -4/99      AC: 11    Str: 26 (28) XL:     11   Next: 30%
Magic:  10/10      EV: 11    Int:  3 (5)  God:
Gold:   620        SH: 13    Dex:  9      Spells: 9/10 levels left

rFire    . . .     SeeInvis .   a - +3 long sword
rCold    . . .     Gourm    .   c - +1 shield
rNeg     . . .     Faith    .   b - +2 scale mail
rPois    +         Spirit   .   (helmet unavailable)
rElec    .         Reflect  .   (no cloak)
rCorr    .         Harm     .   e - +0 pair of gloves {Str+3}
MR       +....                  (no boots)
Stlth    +.........             (no amulet)
Regen    0.3/turn               h - ring of stealth
MPRegen  0.2/turn               y - ring of protection from magic

@: very slightly contaminated, very slow
A: retaliatory headbutt, horns 3, poison resistance
a: no special abilities


You were on level 1 of the Lair of Beasts.
You were hungry.

You visited 3 branches of the dungeon, and saw 12 of its levels.
You also visited: Ossuary.

You collected 620 gold pieces.

Inventory:

Hand Weapons
 a - a +3 long sword (weapon)
Missiles
 p - 8 tomahawks (quivered)
Armour
 b - a +2 scale mail (worn)
 c - a +1 shield (worn)
 e - a +0 pair of gloves of strength (worn)
Jewellery
 f - a +2 ring of intelligence
 h - a ring of stealth (left hand)
 n - an uncursed ring of positive energy
 o - an uncursed amulet of magic regeneration
 y - a ring of protection from magic (right hand)
 A - an uncursed ring of protection from magic
Wands
 j - a wand of polymorph (19/24)
 l - a wand of lightning (13/15)
 w - a wand of flame (35/48)
 z - a wand of iceblast (7/15)
 C - a wand of polymorph (17/24)
 D - a wand of iceblast (9/15)
 F - a wand of acid (7/15)
Scrolls
 k - a scroll of amnesia
 r - 4 scrolls of magic mapping
 s - a scroll of recharging
 G - 4 scrolls of remove curse
 H - 5 scrolls of identify
 I - a scroll of fear
Potions
 m - 3 potions of flight {unknown}
 t - 2 potions of resistance {unknown}
 u - a potion of cancellation {unknown}
 B - a potion of haste
 E - 2 potions of heal wounds
Books
 x - a book of Debilitation

   Spells                             Type                      Level
   a - Corona                         Hexes                        1
   b - Slow                           Hexes                        2
   c - Inner Flame                    Hexes/Fire                   3
   d - Portal Projectile              Hexes/Translocation          3
   e - Cause Fear                     Hexes                        4
   f - Leda's Liquefaction            Hexes/Earth                  4
Comestibles
 g - 3 bread rations
 i - 8 meat rations
 q - 4 fruits
 v - a royal jelly


   Skills:
 + Level 10.0 Fighting
 + Level 12.7 Long Blades
 + Level 8.9 Armour
 + Level 5.5 Dodging
 + Level 0.8 Stealth
 + Level 10.5 Shields


You had 9 spell levels left.
You knew the following spells:

 Your Spells              Type           Power        Failure   Level  Hunger
a - Corona                Hex            #......      91%         1    ##.....


Dungeon Overview and Level Annotations

Branches:
Dungeon (10/15)            Temple (1/1) D:4            Lair (1/6) D:10
    Orc: D:9-12

Altars:
Ashenzari
Cheibriados
Dithmenos
Elyvilon
Fedhas
Gozag
Hepliaklqana
Kikubaaqudgha
Makhleb
Nemelex Xobeh
Okawaru
Qazlal
Ru
Sif Muna
Trog
Uskayaw
Vehumet
Xom
Yredelemnul
Zin
The Shining One

Shops:
D:9 :


Innate Abilities, Weirdness & Mutations

You reflexively headbutt those who attack you in melee.
You have a pair of large horns on your head.
Your system is resistant to poisons. (rPois)


Message History

* * * LOW HITPOINT WARNING * * *
You block the five-headed hydra's attack.
The five-headed hydra barely misses you.
The five-headed hydra bites you but does no damage.
Your unstable footing causes you to fumble your attack.
The electric eel shoots out a bolt of lightning at you!
The bolt of electricity hits you!
* * * LOW HITPOINT WARNING * * *
The bolt of electricity hits the plant.
The five-headed hydra bites you but does no damage.
You block the five-headed hydra's attack.
The five-headed hydra misses you.
The five-headed hydra bites you but does no damage.
The five-headed hydra barely misses you.
You hack one of the five-headed hydra's heads off!
The four-headed hydra grows two more!
You slash the six-headed hydra!
The six-headed hydra is lightly wounded.
The electric eel shoots out a bolt of lightning at you!
The bolt of electricity hits you!
You die...

.#
≈≈≈≈≈≈≈≈♣♣
.#
≈≈≈≈≈≈≈≈≈♣♣#
.#
≈≈≈≈≈≈;≈♣§≈#
.#
≈≈≈≈≈≈≈≈≈≈≈#
.##.#
≈≈≈≈≈≈≈≈≈♣♣#
.##..
≈≈≈≈≈≈≈≈≈♣♣#
..#.#
≈≈≈≈≈≈≈≈♣≈P#
.#..#
≈≈≈≈≈≈P≈≈P#
.#..##
♣≈≈≈≈D@♣
.##..#
≈≈≈≈≈≈♣PP≈#
.#..## ≈P≈≈P
≈≈♣≈# .##..#
♣≈♣♣P
♣P≈♣..#
.#..###♣≈≈≈≈
P≈≈. .#
.........♣≈
≈≈♣♣# ##
.P##.#.#♣♣
≈♣ ####..##
♣♣ #.##


You could see a six-headed hydra and an electric eel.

Vanquished Creatures
  The ghost of Alfie the Carver, a novice MiFi (D:9)
  3 two-headed ogres
  The ghost of Alfie the Carver, a novice MiFi (D:8)
  The ghost of Alfie the Archer, a novice MiHu (D:7)
  A black mamba (Lair:1)
  A spiny frog (Lair:1)
  A hornet (D:7)
  A hippogriff (Lair:1)
  The ghost of Alfie the Covered, an amateur MiFi (D:4)
  A basilisk (Lair:1)
  A wyvern (D:8)
  2 hungry ghosts
  5 water moccasins
  A porcupine (Lair:1)
  A black bear (D:10)
  2 orc warriors
  2 ice beasts
  A sky beast (D:9)
  4 ogres
  6 centaurs
  A big kobold (D:5)
  8 bullfrogs
  4 scorpions
  7 howler monkeys
  An electric eel (Lair:1)
  A centaur zombie (D:9)
  A crimson imp (D:5)
  2 jellies
  A bullfrog zombie (D:9)
  A centaur skeleton (D:5)
  5 orc priests
  4 hounds
  13 orc wizards
  A bullfrog skeleton (D:5)
  2 iguanas
  6 worker ants
  8 big kobold zombies (Ossuary)
  2 mummies
  2 hound skeletons
  3 worker ant zombies
  8 gnolls
  A howler monkey zombie (D:5)
  7 adders
  A shadow imp (D:9)
  2 oozes (D:2)
  An adder zombie (D:6)
  A dart slug (D:5)
  6 leopard geckos
  50 orcs
  3 spectral bats (Ossuary)
  5 bats
  5 giant cockroaches
  4 gnoll zombies (Ossuary)
  6 goblins
  4 hobgoblins
  4 jackals (D:2)
  10 kobolds
  7 quokkas
  A ball python (D:1)
  3 bat simulacra (Ossuary)
  2 frilled lizards (D:1)
  4 goblin simulacra (Ossuary)
  5 goblin zombies
  4 hobgoblin zombies (Ossuary)
  3 kobold simulacra (Ossuary)
  6 kobold zombies (Ossuary)
  5 orc zombies
  3 quokka skeletons
  20 rats
  3 rat simulacra (Ossuary)
  A spectral goblin (Ossuary)
  2 spectral kobolds (Ossuary)
  A plant (D:10)
298 creatures vanquished.

Vanquished Creatures (others)
  4 plants (Lair:1)
4 creatures vanquished.

Grand Total: 302 creatures vanquished

Notes
Turn   | Place    | Note
-------+----------+-------------------------------------------
     0 | D:1      | Alfie the Minotaur Fighter began the quest for the Orb.
     0 | D:1      | Reached XP level 1. HP: 19/19 MP: 0/0
    37 | D:1      | Reached XP level 2. HP: 15/27 MP: 1/1
   819 | D:2      | Reached skill level 3 in Long Blades
   819 | D:2      | Reached XP level 3. HP: 32/33 MP: 2/2
  1195 | D:2      | Reached skill level 1 in Dodging
  1327 | D:3      | Reached XP level 4. HP: 29/40 MP: 3/3
  1351 | D:3      | Gained mutation: Your system is resistant to poisons. (rPois) [potion of mutation]
  1351 | D:3      | Gained mutation: You have a pair of large horns on your head. [potion of mutation]
  1373 | D:3      | Found a shattered altar of Ashenzari.
  2068 | D:4      | Reached skill level 4 in Long Blades
  2140 | D:4      | Found a staircase to the Ecumenical Temple.
  2143 | D:4      | Reached XP level 5. HP: 46/46 MP: 4/4
  2245 | D:4      | Found an opulent altar of Gozag.
  2413 | D:4      | Noticed Alfie's ghost (amateur MiFi)
  2425 | D:4      | Killed Alfie's ghost
  2425 | D:4      | Reached skill level 5 in Long Blades
  2425 | D:4      | Reached XP level 6. HP: 25/53 MP: 5/5
  2565 | D:4      | Reached skill level 5 in Shields
  2604 | D:4      | Noticed an ice beast
  2608 | D:4      | Killed an ice beast
  2608 | D:4      | Reached skill level 5 in Armour
  2684 | Temple   | Entered the Ecumenical Temple
  2969 | D:5      | Entered Level 5 of the Dungeon
  3134 | D:5      | Reached XP level 7. HP: 60/60 MP: 6/6
  3167 | D:5      | Reached skill level 6 in Long Blades
  3403 | D:5      | Reached skill level 7 in Long Blades
  3766 | D:5      | Reached skill level 5 in Fighting
  3857 | D:6      | Reached XP level 8. HP: 58/68 MP: 7/7
  3990 | D:6      | Reached skill level 8 in Long Blades
  4127 | D:6      | Learned a level 1 spell: Corona
  4214 | D:6      | Found a deep blue altar of Sif Muna.
  4214 | D:6      | Found a hide-covered altar of Uskayaw.
  4432 | D:7      | Reached skill level 9 in Long Blades
  4528 | D:7      | Noticed a hornet
  4536 | D:7      | Killed a hornet
  4536 | D:7      | Reached XP level 9. HP: 45/78 MP: 8/8
  4629 | D:7      | Found a sand-covered staircase.
  4638 | Ossuary  | Entered an ossuary
  5088 | D:7      | Noticed Alfie's ghost (novice MiHu)
  5112 | D:7      | Killed Alfie's ghost
  5112 | D:7      | Reached skill level 10 in Long Blades
  5167 | D:8      | Noticed a two-headed ogre
  5174 | D:7      | Killed a two-headed ogre
  5174 | D:7      | Reached skill level 11 in Long Blades
  5271 | D:8      | Reached XP level 10. HP: 48/88 MP: 9/9
  5454 | D:8      | Noticed Alfie's ghost (novice MiFi)
  5498 | D:8      | Killed Alfie's ghost
  5694 | D:8      | HP: 4/90 [hound (4)]
  6234 | D:9      | Found Kyolegug's Book Emporium.
  6259 | D:9      | Noticed a two-headed ogre
  6264 | D:9      | Noticed Alfie's ghost (novice MiFi)
  6350 | D:9      | Reached skill level 5 in Dodging
  6369 | D:9      | Killed a two-headed ogre
  6369 | D:9      | Reached skill level 12 in Long Blades
  6384 | D:9      | Killed Alfie's ghost
  6713 | D:9      | Noticed a two-headed ogre
  6726 | D:9      | Killed a two-headed ogre
  6726 | D:9      | Reached XP level 11. HP: 12/99 MP: 10/10
  6968 | D:9      | Reached skill level 10 in Shields
  7037 | D:10     | Entered Level 10 of the Dungeon
  7123 | D:10     | Found a sacrificial altar of Ru.
  7173 | D:10     | Found a staircase to the Lair.
  7212 | Lair:1   | Entered Level 1 of the Lair of Beasts
  7796 | Lair:1   | Reached skill level 10 in Fighting
  7803 | Lair:1   | Noticed a five-headed hydra
  7807 | Lair:1   | Killed from afar by an electric eel

Skill      XL: |  1  2  3  4  5  6  7  8  9 10 11 |
---------------+----------------------------------+-----
Armour         | 4 5 6 7 8 |  8.9
Fighting       | 4 5 6 7 9 10 | 10.0
Long Blades    | 3 4 5 7 9 11 12 | 12.7
Shields        | 4 5 7 8 9 10 | 10.5
Dodging        | 1 2 4 5 |  5.5
Stealth        | |  0.8

Action                   |  1- 3 |  4- 6 |  7- 9 | 10-12 || total
-------------------------+-------+-------+-------+-------++-------
Melee: Long sword        |   117 |    84 |   340 |   280 ||   821
       Headbutt          |    10 |    12 |    71 |    62 ||   155
  Use: Scroll            |     3 |    12 |     5 |    10 ||    30
       Potion            |       |     4 |     1 |     5 ||    10
 Stab: Distracted        |       |       |     1 |       ||     1
  Eat: Bread ration      |     1 |     1 |       |     1 ||     3
       Fruit             |     1 |       |       |     4 ||     5
       Royal jelly       |       |       |     1 |       ||     1
       Meat ration       |       |       |     1 |       ||     1
       Chunk             |       |       |       |     2 ||     2
Armor: Scale mail        |    59 |    39 |   106 |    73 ||   277
Dodge: Dodged            |    47 |    31 |    72 |    85 ||   235
Block: Shield            |    79 |    36 |   199 |   149 ||   463
       Rpst.: Long sword |     7 |     7 |    24 |    18 ||    56
